Map: Year Zero LE

Players

Oathkeeper - Winner!

  • Race: Terran Terran
  • Spawn Location: 11:00

VOD

Have the link to the VOD?

Description

Time

  • Played on: Feb. 5, 2019, 7:29 p.m.
  • Length: 19:55
Show
View Real Time Build Order
Export as new Build Order

Oathkeeper Terran - Winner!

Build Orders:  

Get SALT Encoding   

  12  0:02  SCV  
  13  0:29  SCV, Supply Depot  
  14  0:46  SCV  
  15  1:03  SCV  
  15  1:07  Refinery  
  16  1:12  Barracks  
  16  1:26  SCV  
  17  1:43  SCV  
  18  2:11  SCV  
  18  2:19  Supply Depot  
  19  2:29  Marine  
  20  2:33  Orbital Command  
  20  2:54  Marine  
  21  3:07  Command Center  
  21  3:22  Barracks Reactor  
  21  3:30  SCV  
  22  3:47  SCV  
  23  3:55  Barracks  
  23  4:04  SCV  
  24  4:19  Marine x2  
  26  4:21  SCV  
  27  4:38  SCV  
  28  4:44  Marine x2  
  30  5:08  Marine  
  30  5:09  Barracks Tech Lab, Factory  
  31  5:21  Orbital Command  
  31  5:29  Marine  
  32  5:33  Marine  
  33  5:41  Stimpack  
  33  5:51  SCV  
  33  5:54  Marine  
  33  5:58  Marauder, Marine  
  38  6:08  SCV  
  38  6:09  SCV  
  40  6:18  Marine, Factory Tech Lab  
  41  6:23  Marine  
  41  6:25  SCV  
  41  6:26  SCV  
  41  6:28  Marauder  
  41  6:29  Starport  
  46  6:52  Supply Depot  
  46  6:54  Supply Depot  
  46  7:12  Supply Depot  
  46  7:22  Marauder, Marine x2, SCV x2  
  46  7:25  Supply Depot  
  46  7:27  Supply Depot  
  52  7:31  Engineering Bay  
  52  7:33  Medivac  
  52  7:39  SCV  
  55  7:43  Supply Depot  
  55  7:52  Marauder  
  55  7:54  Refinery  
  55  7:57  Refinery  
  57  8:00  SCV x2  
  57  8:09  Engineering Bay  
  59  8:17  SCV x2  
  61  8:22  Marauder  
  63  8:53  SCV x2  
  63  8:57  Marauder  
  63  8:59  Marine x2  
  69  9:02  Medivac  
  69  9:09  Siege Tank  
  74  9:10  SCV x2  
  76  9:24  Marine x2  
  76  9:27  Marauder  
  80  9:37  Terran Infantry Weapons Level 1  
  80  9:44  Medivac  
  80  9:48  Marine  
  80  9:49  Marine  
  84  9:57  Marine  
  85  10:00  Armory  
  85  10:13  Marine  
  86  10:22  Marauder  
  88  10:32  Terran Infantry Armor Level 1  
  88  10:42  Refinery  
  88  10:44  Starport Tech Lab  
  88  10:52  Marauder  
  90  11:02  Siege Tank  
  93  11:13  SCV  
  94  11:34  Terran Vehicle And Ship Armor Level 1  
  94  11:49  Supply Depot  
  94  11:59  Supply Depot  
  94  12:11  Barracks  
  94  12:19  Siege Tank, SCV  
  98  12:27  Supply Depot  
  98  12:35  Supply Depot  
  98  12:58  Supply Depot  
  98  13:06  Marine x2  
  98  13:07  Marine, Supply Depot  
  101  13:30  Supply Depot  
  101  13:31  Marine x2  
  101  13:32  Marine  
  101  13:34  Terran Infantry Weapons Level 2  
  101  13:36  Terran Infantry Armor Level 2  
  101  13:39  Supply Depot  
  104  13:42  Unknown  
  104  13:56  Marauder, Marine x2  
  108  14:02  Supply Depot  
  108  14:12  Marine  
  108  14:14  Terran Ship Weapons Level 1  
  109  14:21  Marine x2  
  109  14:26  Marauder  
  113  14:33  Supply Depot  
  113  14:37  Marine  
  114  14:46  Marine x2  
  116  14:56  Marauder  
  118  15:02  Marine  
  118  15:04  Supply Depot  
  119  15:11  Marine x2  
  119  15:18  Unknown  
  121  15:26  Marauder  
  121  15:27  Marine  
  124  15:35  Supply Depot  
  124  15:51  Marine  
  124  15:56  Marauder  
  122  17:06  Siege Tank x3  
Tags
 
Add a new tag
Caveats
  • Supply blocks, unpowered buildings, or Contaminate may cause inaccurate times.
  • Supply counts are checked every 10 seconds.